 Dungeon Sprint DCSS version 0.30-a0-4-ga7cffc901d (webtiles) character file.

Game seed: 13949048424696717700

36023 mhtbhm the Ninja (level 12, -2/65 HPs)
             Began as a Spriggan Brigand on Aug 20, 2022.
             Was the Champion of Dithmenos.
             Killed by the air
             ... invoked by Gastronok
              (27 damage)
             ... in the Dungeon (Sprint III: "The Ten Rune Challenge").
             The game lasted 00:13:58 (3440 turns).

mhtbhm the Ninja (Spriggan Brigand)                 Turns: 3440, Time: 00:13:59

Health: -2/65      AC:  7    Str:  7    XL:     12   Next: 68%
Magic:  25/25      EV: 25    Int: 16    God:    Dithmenos [******]
Gold:   1057       SH:  0    Dex: 21    Spells: 11/11 levels left

rFire   + . .      SeeInvis +    a - +4 dagger "Gobolor" {vorpal, *Corrode rPois rN+}
rCold   + + +      Faith    .    (no shield)
rNeg    + + .      Spirit   .    b - +0 robe
rPois   +          Reflect  .    (helmet restricted)
rElec   .          Harm     .    c - +0 cloak
rCorr   .          Rampage  .    (gloves unavailable)
Will    ++...      NoTele   +    (boots unavailable) Stlth *********+
                                 (no amulet)
HPRegen 0.20/turn                w - ring "Qayracyg" {Drain rF+ rC++ rN+ Int+3}
MPRegen 0.19/turn                z - +4 ring of protection

@: wreathed by umbra, very quick
A: very small, no large weapons, unfitting armour, see invisible, speed 3, cold
resistance 1
}: 1/10 runes: decaying
a: Renounce Religion, Shadow Step, Shadow Form


You were in the Dungeon.
You worshipped Dithmenos.
Dithmenos was exalted by your worship.
You visited 1 branch You collected 2982 gold pieces.
You spent 1925 gold pieces at shops.

Inventory:

Hand Weapons
 a - the +4 dagger "Gobolor" (weapon) {vorpal, *Corrode rPois rN+}
   (You bought it in a shop in the Dungeon)

   It inflicts extra damage upon your enemies.
   rPois:     It protects you from poison.
   rN:        It protects you from negative energy.
   *Corrode:  It may corrode you when you take damage.
Missiles
 d - 8 poisoned darts
 e - 2 curare-tipped darts
 v - 4 datura-tipped darts (quivered)
Armour
 b - a +0 robe (worn)
 c - a +0 cloak (worn)
Jewellery
 w - the ring "Qayracyg" (left hand) {Drain rF+ rC++ rN+ Int+3}
   (You acquired it in the Dungeon)

   [ring of positive energy]

   Int:       It affects your intelligence (+3).
   rF:        It protects you from fire.
   rC:        It greatly protects you from cold.
   rN:        It protects you from negative energy.
   Drain:     It drains your maximum health when unequipped.
 z - a +4 ring of protection (right hand)
Wands
 g - a wand of paralysis (12)
 r - a wand of polymorph (6)
Scrolls
 k - 3 scrolls of blinking
 m - a scroll of poison
 n - a scroll of amnesia
 p - 2 scrolls of identify
 u - 3 scrolls of fog
 y - a scroll of enchant armour {unknown}
Potions
 f - 2 potions of curing
 h - 2 potions of haste
 i - 2 potions of magic
 j - 2 potions of berserk rage
 o - 3 potions of flight
 q - 6 potions of mutation
 s - 2 potions of might
 x - 2 potions of degeneration {unknown}
Miscellaneous
 t - a lightning rod (3/4)


   Skills:
 + Level 8.7 Fighting
 + Level 13.3 Short Blades
 + Level 9.4 Throwing
 + Level 9.5 Dodging
 O Level 27 Stealth
 * Level 17.0 Invocations
 + Level 16.2 Evocations


You had 11 spell levels left.
You didn't know any spells.
Your spell library contained the following spells:

 Spells                   Type           Power      Damage    Failure   Level
 Magic Dart               Conj           0%         1d3       26%         1
 Call Imp                 Summ           0%         N/A       36%         2
 Gell's Gravitas          Tloc           0%         N/A       58%         3
 Lesser Beckoning         Tloc           0%         N/A       58%         3
 Mephitic Cloud           Conj/Pois/Air  0%         N/A       58%         3
 Teleport Other           Tloc           0%         N/A       58%         3
 Summon Forest            Summ/Tloc      0%         N/A       100%        5
 Eringya's Noxious Bog    Tmut/Pois      0%         N/A       100%        6
 Summon Hydra             Summ           0%         N/A       100%        7


Dungeon Overview and Level Annotations

Branches:
Dungeon (1/1)

Altars:
Cheibriados
Dithmenos
Elyvilon
Fedhas
Gozag
Hepliaklqana
Kikubaaqudgha
Makhleb
Nemelex Xobeh
Okawaru
Qazlal
Ru
Sif Muna
Trog
Uskayaw
Vehumet
Wu Jian
Xom
Yredelemnul
Zin
The Shining One
Jiyva
Lugonu

Shops:
D ??(:!??=[!::[(!

Annotations:
D exclusion: orange crystal statue, Gastronok


Innate Abilities, Weirdness & Mutations

You are very small and have problems with some larger weapons.
You are too small for most types of armour.
You have supernaturally acute eyesight. (SInv)
You cover ground extremely quickly. (Speed+++)
Your flesh is cold resistant. (rC+)


Message History

The atropa-tipped dart hits the dire elephant!
The dire elephant appears confused.
The dire elephant is heavily wounded.
Gastronok is no longer moving slowly.
You see here an atropa-tipped dart.
You catch the helpless dire elephant completely off-guard!
You stick the dire elephant like a pincushion!!!
You kill the dire elephant!
Dithmenos accepts your kill.
Your lightning rod (4/4) has regained four charges.
Your Invocations skill increases to level 17!
Your Evocations skill increases to level 16!
Throw: 2 darts (atropa)
Press: ? - help, Q - select action, (/) - cycle Shift-Dir - straight line, f/p - Gastronok
Aim: Gastronok, wearing a +2 hat of stealth (heavily wounded, very poisoned, umbra, 94% to hit, chance to blind on hit: 35%)
You throw an atropa-tipped dart. The atropa-tipped dart hits Gastronok.
Gastronok resists.
Gastronok is heavily wounded.
You hear a splash.
Throw: dart (atropa)
Press: ? - help, Q - select action, (/) - cycle Shift-Dir - straight line, f/p - Gastronok
Aim: Gastronok, wearing a +2 hat of stealth (heavily wounded, very poisoned, umbra, 94% to hit, chance to blind on hit: 35%)
You throw an atropa-tipped dart. The atropa-tipped dart hits Gastronok!
Gastronok resists.
Gastronok is heavily wounded.
Unknown command.
Throw: 5 darts (datura)
Press: ? - help, Q - select action, (/) - cycle Shift-Dir - straight line, f/p - Gastronok
Aim: Gastronok, wearing a +2 hat of stealth (heavily wounded, very poisoned, umbra, 94% to hit, chance to frenzy on hit: 35%)
You throw a datura-tipped dart. The datura-tipped dart hits Gastronok!
Gastronok resists.
Gastronok is heavily wounded.
Aiming: Thunderbolt
Press: ? - help, Shift-Dir - straight line, f/p - Gastronok
Aim: Gastronok, wearing a +2 hat of stealth (heavily wounded, very poisoned, umbra)
The thunderbolt hits Gastronok!
Gastronok is severely wounded.
Gastronok waves his eye-stalks in wide circles.
The air twists around and strikes you!!
You die...

....#.~~≈~~~....#.⌠.#v_#...#'####
†.†.#.~≈~~~.....#...#__#...#....#
....#.~~~.......#'###__#...##.#.)
#####...........#.))#__#...'##.#.
......†.........#___#__+...#...#.
▓▓▓▓▓▓▓▓▓▓▓▓▓▓▓▓▓▓▓▓▓▓▓▓▓▓▓▓▓▓▓▓▓
.†.'~≈~†§≈§§§♣♣.....♣♣♣♣~~~......
.†.#.≈§§§(.(~♣♣.≈≈≈≈'♣♣'♣≈≈≈≈≈≈≈≈
.PP#~~~§§§§≈.(w(@...#.~♣♣♣♣♣♣♣♣♣♣
.YP#~≈§§§§§§≈♣♣♣♣♣♣♣#..♣♣
..w#≈†§~§§≈≈~♣ ###'♣♣♣♣♣♣♣♣♣
##+####+######** ♣♣♣♣.##..##~~~
,,,,,,,,,,,,,,,** ♣...##.##.#~~~
*+*************+* ♣♣.##.##.##'~~
,,,*~,,,,,,,,,,,* ♣..#.##...#~~
,,,+~~,,,********** ♣♣.##.##.)#≈.
,,,*~~~,,,,,,,,,,,* ♣♣.##.#####..


You could see Gastronok (very poisoned).

Vanquished Creatures
  Xtahua (D)
  Harold (D)
  2 dire elephants (D)
  2 fire dragons (D)
  Erolcha (D)
  3 hydras (D)
  4 orc high priests (D)
  Urug (D)
  A death drake (D)
  A spriggan druid (D)
  Joseph (D)
  A lindwurm (D)
  3 deep elf pyromancers (D)
  2 deep elf zephyrmancers (D)
  2 orc sorcerers (D)
  2 elephants (D)
  2 cane toads (D)
  A rime drake (D)
  2 queen bees (D)
  3 wandering mushrooms (D)
  2 tyrant leeches (D)
  5 blink frogs (D)
  A jumping spider (D)
  A shadow (D)
  2 spriggans (D)
  5 redbacks (D)
  2 hell hounds (D)
  A hydra simulacrum (D)
  A swamp drake (D)
  A fire dragon simulacrum (D)
  5 two-headed ogres (D)
  A water elemental (D)
  A necrophage (D)
  32 killer bees (D)
  An electric eel (D)
  A jelly (D)
  2 orc priests (D)
  A wizard (D)
  A necromancer (D)
  2 orc wizards (D)
  A polar bear simulacrum (D)
  A wolf simulacrum (D)
  A kobold demonologist (D)
  3 humans (D)
  A wolf (D)
  12 orcs (D)
  4 rats (D)
127 creatures vanquished.

Vanquished Creatures (others)
  14 plants (D)
14 creatures vanquished.

Grand Total: 141 creatures vanquished

Notes
Turn   | Place    | Note
-------+----------+-------------------------------------------
     0 | D        | mhtbhm the Spriggan Brigand began the quest for the Orb.
     0 | D        | Reached XP level 1. HP: 10/10 MP: 2/2
     4 | D        | Reached skill level 6 in Stealth
   139 | D        | Reached skill level 8 in Stealth
   139 | D        | Reached XP level 2. HP: 15/15 MP: 3/3
   178 | D        | Reached skill level 9 in Stealth
   178 | D        | Reached XP level 3. HP: 18/18 MP: 4/4
   210 | D        | Gained mutation: Your flesh is cold resistant. (rC+)
                  | [potion of mutation]
   219 | D        | Noticed a water elemental
   221 | D        | Killed a water elemental
   222 | D        | Reached skill level 12 in Stealth
   222 | D        | Reached XP level 4. HP: 23/23 MP: 5/5
   231 | D        | Found a shadowy altar of Dithmenos.
   231 | D        | Noticed a necrophage
   232 | D        | Found a basalt altar of Yredelemnul.
   232 | D        | Found a sacrificial altar of Ru.
   234 | D        | Killed a necrophage
   235 | D        | Reached skill level 14 in Stealth
   235 | D        | Reached XP level 5. HP: 28/28 MP: 6/6
   238 | D        | Became a worshipper of Dithmenos the Shadowed
   259 | D        | Found a radiant altar of Vehumet.
   260 | D        | Found a shimmering blue altar of Sif Muna.
   260 | D        | Found an ancient bone altar of Kikubaaqudgha.
   262 | D        | Reached skill level 5 in Short Blades
   262 | D        | Reached skill level 1 in Invocations
   264 | D        | Reached skill level 15 in Stealth
   280 | D        | Found a glowing silver altar of Zin.
   281 | D        | Found a glowing golden altar of the Shining One.
   281 | D        | Found a white marble altar of Elyvilon.
   281 | D        | Noticed a deep elf pyromancer
   283 | D        | Killed a deep elf pyromancer
   283 | D        | Reached * piety under Dithmenos
   284 | D        | Reached skill level 18 in Stealth
   284 | D        | Reached XP level 6. HP: 33/33 MP: 7/10
   284 | D        | Reached XP level 7. HP: 37/37 MP: 7/11
   297 | D        | Found a hide-covered altar of Uskayaw.
   297 | D        | Found an iron altar of Okawaru.
   298 | D        | Found a bloodstained altar of Trog.
   298 | D        | Found an ornate altar of the Wu Jian Council.
   298 | D        | Noticed a human
   298 | D        | Noticed a human
   300 | D        | Killed a human
   301 | D        | Reached skill level 19 in Stealth
   301 | D        | Reached skill level 5 in Invocations
   301 | D        | Killed a human
   336 | D        | Noticed a shadow
   338 | D        | Killed a shadow
   338 | D        | Reached ** piety under Dithmenos
   339 | D        | Reached skill level 20 in Stealth
   339 | D        | Reached XP level 8. HP: 42/42 MP: 13/13
   344 | D        | Found a blossoming altar of Fedhas.
   344 | D        | Found a stormy altar of Qazlal.
   345 | D        | Found a snail-covered altar of Cheibriados.
   345 | D        | Found a burning altar of Makhleb.
   345 | D        | Found a hazy altar of Hepliaklqana.
   345 | D        | Found a shimmering altar of Xom.
   345 | D        | Found an opulent altar of Gozag.
   345 | D        | Found a sparkling altar of Nemelex Xobeh.
   345 | D        | Found a corrupted altar of Lugonu.
   345 | D        | Found a viscous altar of Jiyva.
   500 | D        | Reached skill level 21 in Stealth
   502 | D        | Reached *** piety under Dithmenos
   505 | D        | Noticed a two-headed ogre
   508 | D        | Killed a two-headed ogre
   509 | D        | Reached skill level 22 in Stealth
   512 | D        | Noticed a two-headed ogre
   512 | D        | Noticed Erolcha
   514 | D        | Killed Erolcha
   515 | D        | Reached skill level 23 in Stealth
   515 | D        | Reached XP level 9. HP: 46/46 MP: 13/15
   515 | D        | Killed a two-headed ogre
   536 | D        | Reached **** piety under Dithmenos
   537 | D        | Reached skill level 24 in Stealth
   547 | D        | Noticed a wandering mushroom
   551 | D        | Noticed a wandering mushroom
   553 | D        | Noticed a wandering mushroom
   554 | D        | Killed a wandering mushroom
   562 | D        | Killed a wandering mushroom
   563 | D        | Reached skill level 25 in Stealth
   808 | D        | Noticed an orc high priest
   808 | D        | Noticed an orc sorcerer
   810 | D        | Reached ***** piety under Dithmenos
   810 | D        | Reached ****** piety under Dithmenos
   810 | D        | Killed an orc sorcerer
   810 | D        | Killed an orc sorcerer
   810 | D        | Killed an orc high priest
   811 | D        | Reached skill level 5 in Fighting
   811 | D        | Reached skill level 26 in Stealth
   811 | D        | Reached XP level 10. HP: 51/51 MP: 16/18
   811 | D        | Found Niutru's Magic Scroll Shop.
   877 | D        | Bought a scroll of blinking for 105 gold pieces
   897 | D        | Bought a scroll of fear for 56 gold pieces
   897 | D        | Bought 2 scrolls of fog for 112 gold pieces
   897 | D        | Bought a scroll of immolation for 56 gold pieces
   899 | D        | Bought a scroll of identify for 28 gold pieces
   899 | D        | Bought a scroll of identify for 28 gold pieces
   940 | D        | Reached skill level 10 in Invocations
   941 | D        | Reached skill level 27 in Stealth
   943 | D        | Reached skill level 10 in Short Blades
  1186 | D        | Noticed Harold
  1187 | D        | Noticed Joseph
  1188 | D        | Killed Harold
  1190 | D        | Killed Joseph
  1191 | D        | Reached XP level 11. HP: 52/56 MP: 15/21
  1268 | D        | Noticed an orange crystal statue
  1279 | D        | Found Ereh's Distillery.
  1279 | D        | Found Zihaojeg's Book Shop.
  1279 | D        | Found Makluror's Distillery.
  1279 | D        | Found Simowung's Antique Armour Boutique.
  1279 | D        | Found Lorgh's Book Emporium.
  1279 | D        | Found Xast's Antique Weapon Shop.
  1279 | D        | Found Vager's Antique Armour Emporium.
  1280 | D        | Found Mitegyes's Jewellery Boutique.
  1280 | D        | Found Luuxeus's Magic Scroll Shoppe.
  1280 | D        | Found Joarol's Magic Scroll Shop.
  1280 | D        | Found Mekk's Distillery.
  1313 | D        | Bought a transparent dagger for 210 gold pieces
  1313 | D        | Identified the +4 dagger "Gobolor" {vorpal, *Corrode rPois
                  | rN+} (You bought it in a shop in the Dungeon)
  1315 | D        | Bought a potion of berserk rage for 65 gold pieces
  1315 | D        | Bought a potion of haste for 130 gold pieces
  1315 | D        | Bought a potion of curing for 39 gold pieces
  1322 | D        | Bought a scroll of acquirement for 676 gold pieces
  1322 | D        | Acquired the ring "Qayracyg" {Drain rF+ rC++ rN+ Int+3}
  1338 | D        | Bought a scroll of blinking for 105 gold pieces
  1338 | D        | Bought a scroll of blinking for 105 gold pieces
  1338 | D        | Bought a scroll of blinking for 105 gold pieces
  1338 | D        | Bought a scroll of magic mapping for 105 gold pieces
  1462 | D        | Noticed a deep elf pyromancer
  1462 | D        | Noticed a deep elf pyromancer
  1462 | D        | Noticed a deep elf zephyrmancer
  1462 | D        | Noticed a deep elf zephyrmancer
  1462 | D        | Noticed a deep elf pyromancer
  1477 | D        | Killed a deep elf zephyrmancer
  1483 | D        | Killed a deep elf pyromancer
  1485 | D        | Killed a deep elf zephyrmancer
  1485 | D        | Killed a deep elf pyromancer
  1486 | D        | Reached skill level 5 in Dodging
  1492 | D        | a deep elf pyromancer changed into a jumping spider
  1832 | D        | Noticed a yaktaur captain
  1832 | D        | Noticed a yaktaur captain
  1920 | D        | Reached skill level 10 in Evocations
  1939 | D        | Noticed a lindwurm
  1942 | D        | Killed a lindwurm
  1950 | D        | Noticed Urug
  1952 | D        | Killed Urug
  1957 | D        | Noticed a six-headed hydra
  1957 | D        | Noticed a four-headed hydra
  1961 | D        | Killed a six-headed hydra
  1962 | D        | Reached skill level 15 in Invocations
  1962 | D        | Killed a four-headed hydra
  1997 | D        | Noticed a death drake
  2000 | D        | Killed a death drake
  2010 | D        | Noticed a fire dragon
  2013 | D        | Noticed a fire dragon
  2020 | D        | Killed a fire dragon
  2021 | D        | Reached XP level 12. HP: 38/63 MP: 24/24
  2152 | D        | Found Hielimoc's Magic Scroll Emporium.
  2152 | D        | Found Massit's Antique Weapon Shop.
  2155 | D        | Found Pesmiona's Book Shoppe.
  2186 | D        | Killed a fire dragon
  2557 | D        | Noticed a seven-headed hydra
  2557 | D        | Noticed Xtahua
  2559 | D        | Killed Xtahua
  2561 | D        | Killed a seven-headed hydra
  2565 | D        | Got a decaying rune of Zot
  2758 | D        | Found a blossoming altar of Fedhas.
  2795 | D        | Reached skill level 15 in Evocations
  3355 | D        | Noticed a dire elephant
  3355 | D        | Noticed a dire elephant
  3355 | D        | Noticed Gastronok
  3409 | D        | Killed a dire elephant
  3436 | D        | Killed a dire elephant
  3440 | D        | Killed from afar by Gastronok

Illustrated notes

Levels and vault maps discovered:
D:        dungeon_sprint_mu [sprint_mu_entry_forest, sprint_mu_temple_rooms,
          sprint_mu_d1_spiders, sprint_mu_d2_genie, sprint_mu_d3_branching,
          sprint_mu_orc_legion, sprint_mu_elf_gauntlet, sprint_mu_hive_nellie,
          sprint_mu_lair_fedhas, sprint_mu_vaults_butterflies,
          sprint_mu_slime_circle, sprint_mu_swamp_cave, sprint_mu_snake_twists,
          sprint_mu_blade_basic, sprint_mu_crypt_lich, sprint_mu_tomb_spiral,
          sprint_mu_vestibule_basic, sprint_mu_gehenna_hellfire,
          sprint_mu_dis_giant, sprint_mu_tartarus_statrot,
          sprint_mu_cocytus_islands, sprint_mu_zot1]

Skill      XL: |  1  2  3  4  5  6  7  8  9 10 11 12 |
---------------+-------------------------------------+-----
Stealth        | 8 9 12 14 18 20 23 26 27 | 27.0
Fighting       | 2 3 4 5 6 7 8 |  8.7
Short Blades   | 3 4 6 8 9 10 12 13 | 13.3
Throwing       | 3 4 6 7 8 9 |  9.4
Invocations    | 4 6 7 9 12 15 17 | 17.0
Dodging        | 2 4 6 9 |  9.5
Evocations     | 2 6 13 16 | 16.2

Action                   |  1- 3 |  4- 6 |  7- 9 | 10-12 || total
-------------------------+-------+-------+-------+-------++-------
Melee: Dagger            |    10 |     5 |    16 |   134 ||   165
       Punch             |       |       |       |     3 ||     3
Throw: Dart              |     9 |       |       |    17 ||    26
Invok: Shadow Step       |       |       |       |     8 ||     8
Evoke: Lightning rod     |       |       |     4 |    33 ||    37
       Wand              |       |       |       |     2 ||     2
  Use: Potion            |     1 |       |       |     4 ||     5
       Scroll            |       |       |     2 |     8 ||    10
 Stab: Sleeping          |     4 |     5 |    13 |    33 ||    55
       Distracted        |       |       |       |     1 ||     1
       Fleeing           |       |       |       |     1 ||     1
       Invisible         |       |       |       |     3 ||     3
Armor: Robe              |       |       |       |     3 ||     3
Dodge: Dodged            |     2 |       |     2 |    61 ||    65

Table legend: (Time is in decaauts)
 A = Elapsed time spent in this place.
 B = Non-inter-level travel time spent in this place.
 C = Inter-level travel time spent in this place.
 D = Time resting spent in this place.
 E = Time spent auto-exploring this place.
 F = Levels seen in this place.
 G = Mean time per level.
                   A        B        C        D        E       F      G
               +--------+--------+--------+--------+--------+-----+--------+
         Total |   3013 |   3013 |      0 |   2069 |      4 |   1 | 3013.0 |
       Dungeon |   3013 |   3013 |      0 |   2069 |      4 |   1 | 3013.0 |
               +--------+--------+--------+--------+--------+-----+--------+

Top non-repeatable levels by time:
       D: 3013 daAuts
